 Dungeon Crawl Stone Soup version 0.20.1-1-g8b1a95d (webtiles) character file.

55 letownia2 the Grave Robber (level 3, 0/28 HPs)
             Began as a Deep Dwarf Necromancer on Nov 23, 2017.
             Slain by Menkaure (13 damage)
             ... on level 4 of the Dungeon.
             The game lasted 00:03:18 (1156 turns).

letownia2 the Grave Robber (Deep Dwarf Necromancer) Turns: 1156, Time: 00:03:19

Health: 0/28       AC:  5    Str: 11    XL:     3   Next: 67%
Magic:  6/6        EV: 11    Int: 16    God:
Gold:   26         SH:  0    Dex: 13    Spells: 2/6 levels left

rFire    . . .     SeeInvis .   a - +0 dagger
rCold    . . .     Gourm    .   (no shield)
rNeg     . . .     Faith    .   h - +0 ring mail
rPois    .         Spirit   .   (no helmet)
rElec    .         Reflect  .   (no cloak)
rCorr    .         Harm     .   (no gloves)
MR       .....                  (no boots)
Stlth    +.........             (no amulet)
Regen    0.0/turn               (no ring)
MPRegen  0.1/turn               (no ring)

@: non-regenerating
A: damage resistance, heal wounds, sense surroundings 1, no regeneration
a: Heal Wounds


You were on level 4 of the Dungeon.
You were not hungry.

You visited 1 branch of the dungeon, and saw 4 of its levels.

You collected 26 gold pieces.

Inventory:

Hand Weapons
 a - a +0 dagger (weapon)
Armour
 h - a +0 ring mail (worn)
 j - a cursed +0 plate armour
Scrolls
 d - a scroll of enchant weapon {unknown}
 g - a scroll of enchant armour {unknown}
 i - 2 scrolls of amnesia {unknown}
Potions
 e - a potion of magic {unknown}
 l - a potion of flight {unknown}
 m - a potion of mutation {unknown}
Books
 b - a book of Necromancy

   Spells                             Type                      Level
   a - Pain                           Necromancy                   1
   b - Animate Skeleton               Necromancy                   1
   c - Vampiric Draining              Necromancy                   3
   d - Regeneration                   Charms/Necromancy            3
   e - Animate Dead                   Necromancy                   4
   f - Control Undead                 Necromancy                   4
Comestibles
 c - a bread ration
 f - a royal jelly
 k - a chunk of flesh


   Skills:
 + Level 1.0 Armour
 - Level 2.1 Dodging
 - Level 2.4 Stealth
 - Level 2.4 Spellcasting
 + Level 5.2 Necromancy


You had 2 spell levels left.
You knew the following spells:

 Your Spells              Type           Power        Failure   Level  Hunger
a - Pain                  Necr           ###.         5%          1    #......
v - Vampiric Draining     Necr           ###.......   16%         3    ###....


Dungeon Overview and Level Annotations

Branches:
Dungeon (4/15)
 Temple: D:4-7

Altars:
Fedhas

Annotations:
D:4 Menkaure


Innate Abilities, Weirdness & Mutations

You are resistant to damage.
You can heal yourself by infusing magical energy.
You passively map a small area around you.
You do not regenerate.


Message History

Press: ? - help, Shift-Dir - straight line, f/p - Menkaure
Aim: Menkaure (moderately damaged)
You throw a javelin. The javelin hits Menkaure.
Menkaure is heavily damaged.
Menkaure misses you.
Unknown command.
Unknown command.
Firing (i - inventory): No suitable missiles.
Press: ? - help, Shift-Dir - straight line, f/p - Menkaure
Aim: Menkaure (heavily damaged)
Okay, then.
Unknown command.
You hit Menkaure but do no damage.
Menkaure is heavily damaged.
Menkaure hits you.
Unknown command.
Your ring mail prevents you from hitting Menkaure.
Menkaure is heavily damaged.
Menkaure hits you!
You die...

#.......####.......## ,
#.....#..# ##.......#
#.....#..## #.......##
#....###..# ##..<....#
#....###..## ##.......#
#...#......####........#
#............###........
*
.............##........
*
...........@..##.......
......$....M..# .......
*...............##......
, ...............# ,
...............#,
........).....#*,
..............* ,
.....>.(....## , ,, ,


You could see Menkaure.

Vanquished Creatures
  2 gnolls
  2 adders (D:3)
  An ooze (D:3)
  4 goblins
  A hobgoblin (D:1)
  A bat (D:1)
  3 kobolds
  3 rats
17 creatures vanquished.

Notes
Turn   | Place    | Note
-------+----------+-------------------------------------------
     0 | D:1      | letownia2 the Deep Dwarf Necromancer began the quest for the Orb.
     0 | D:1      | Reached XP level 1. HP: 15/15 MP: 3/3
   332 | D:1      | Reached XP level 2. HP: 16/22 MP: 0/5
   420 | D:2      | Reached skill level 5 in Necromancy
   420 | D:2      | Reached XP level 3. HP: 5/28 MP: 2/6
   425 | D:2      | Learned a level 3 spell: Vampiric Draining
  1040 | D:3      | Found a blossoming altar of Fedhas.
  1074 | D:3      | Reached skill level 1 in Armour
  1146 | D:4      | Noticed Menkaure
  1156 | D:4      | Slain by Menkaure

Skill      XL: |  1  2  3 |
---------------+----------+-----
Spellcasting   | 2 |  2.4
Necromancy     | 5 |  5.2
Armour         | 1 |  1.0
Dodging        | |  2.1
Stealth        | |  2.4

Action                   || total
-------------------------++-------
Melee: Unarmed           ||    13
       Dagger            ||     2
Throw: Javelin           ||     4
 Cast: Pain              ||    27
       Vampiric Draining ||     7
  Eat: Chunk             ||     2
Armor: Ring mail         ||    23
Dodge: Dodged            ||    38
